 Dungeon Crawl Stone Soup version 0.27-a0-1287-gca74d27db6 (webtiles) character file.

Game seed: 16450473481763827406

77 spiderkeys the Skirmisher (level 4, -9/41 HPs)
             Began as a Hill Orc Abyssal Knight on June 15, 2021.
             Was a Believer of Lugonu.
             Mangled by an ogre (10 damage)
             ... on level 3 of the Dungeon.
             The game lasted 00:04:07 (2625 turns).

spiderkeys the Skirmisher (Hill Orc Abyssal Knight) Turns: 2625, Time: 00:04:08

Health: -9/41      AC:  4    Str: 15    XL:     4   Next: 34%
Magic:  5/6        EV: 11    Int: 12    God:    Lugonu [**....]
Gold:   147        SH:  0    Dex: 10    Spells: 3/3 levels left

rFire    . . .     SeeInvis .   a - +1 hand axe
rCold    . . .     Faith    .   (no shield)
rNeg     . . .     Spirit   .   b - +0 leather armour
rPois    .         Reflect  .   (no helmet)
rElec    .         Harm     .   (no cloak)
rCorr    .         Rampage  .   d - +0 pair of gloves
Will     .....                  (no boots)
Stlth    +.........             (no amulet)
HPRegen  0.13/turn              (no ring)
MPRegen  0.10/turn              (no ring)

@: mighty, brilliant
A: no striking features
a: Renounce Religion, Depart the Abyss, Bend Space


You were on level 3 of the Dungeon.
You worshipped Lugonu.
Lugonu was pleased with you.
You visited 1 branch of the dungeon, and saw 3 of its levels.
You visited the Abyss 1 time.

You collected 147 gold pieces.


   Skills:
 + Level 4.3 Fighting
 + Level 3.6 Axes
 + Level 3.0 Armour
 - Level 1.0 Dodging
 + Level 3.6 Invocations


You had 3 spell levels left.
You didn't know any spells.
Your spell library contained the following spells:

 Spells                   Type           Power      Damage    Failure   Level
 Apportation              Tloc           0%         N/A       38%         1
 Foxfire                  Conj/Fire      0%         2x1d4     38%         1
 Sandblast                Erth           0%         2d4       38%         1
 Passwall                 Tmut/Erth      0%         N/A       52%         2
 Confusing Touch          Hex            0%         N/A       77%         3
 Conjure Flame            Conj/Fire      0%         6-21      77%         3
 Gell's Gravitas          Tloc           0%         N/A       77%         3
 Inner Flame              Hex/Fire       0%         N/A       77%         3
 Lesser Beckoning         Tloc           0%         N/A       77%         3
 Stone Arrow              Conj/Erth      0%         3d7       77%         3
 Tukima's Dance           Hex            0%         N/A       77%         3
 Ice Form                 Ice/Tmut       0%         N/A       99%         4
 Petrify                  Tmut/Erth      0%         N/A       99%         4
 Sticky Flame             Conj/Fire      0%         2d3       99%         4
 Summon Ice Beast         Ice/Summ       0%         N/A       99%         4
 Alistair's Intoxication  Tmut/Pois      0%         N/A       100%        5
 Fireball                 Conj/Fire      0%         3d3       100%        5
 Freezing Cloud           Conj/Ice/Air   0%         6-21      100%        5
 Lee's Rapid Deconstruct  Erth           0%         3d5*      100%        5
 Metabolic Englaciation   Hex/Ice        0%         N/A       100%        5
 Yara's Violent Unravell  Hex/Tmut       0%         3d3       100%        5
 Invisibility             Hex            0%         N/A       100%        6
 Simulacrum               Ice/Necr       0%         N/A       100%        6
 Ozocubu's Refrigeration  Ice            0%         4d5       100%        7

Inventory:

Hand Weapons
 a - a +1 hand axe (weapon)
Missiles
 c - 11 boomerangs
 e - 54 arrows
 g - 68 stones
Armour
 b - a +0 leather armour (worn)
 d - a +0 pair of gloves (worn)
   (You found it on level 2 of the Dungeon)
Scrolls
 h - a scroll of immolation {!r!r}
 i - a scroll of amnesia
 l - a scroll of vulnerability {unknown}

Dungeon Overview and Level Annotations

Branches:
Dungeon (3/15)

Altars:

.# # ########.#
#.##.†......###.....#.#..
#.#<.#............$......
#........................
####....#...........
......
........#.........# #....
####.#.....@......# #....
#.#.##.O.......#### #....
#.#.##..K.........# #..(.
#.#<..##.###......# #....
#.#.##.# #......# #....
#.#....# #..†...# ###.#
#.#.#### #......# #.#
#.#...####......#####.#
#.#.#.#............K..#


You could see an ogre and a kobold.


Message History

Done exploring. 😎 HP[+3]
Your hp is fully restored (41).
Done exploring.
Done exploring.
There is a stone staircase leading down here.
You climb downwards.
A hobgoblin comes into view.
The hobgoblin shouts!
Found 22 arrows.
Found a stone staircase leading up.
There is a stone staircase leading up here.
Okay, then.
You barely miss the hobgoblin. The hobgoblin closely misses you.
You hit the hobgoblin. The hobgoblin barely misses you.
You hit the hobgoblin. The hobgoblin hits you. 😕 HP[-2]
You take 2 damage, and now have 39/41 hp.
You hit the hobgoblin but do no damage. The hobgoblin closely misses you.
You slash the hobgoblin!
You kill the hobgoblin!
Lugonu accepts your kill.
No target in view!
e - 54 arrows (gained 22)
k - a scroll of identify {@r1} 😎 HP[+2]
Your hp is fully restored (41).
A rat comes into view.
You slash the rat!
You kill the rat!
Lugonu accepts your kill.
No target in view!
No target in view!
l - a scroll labelled INWICY ZIRUAB An endoplasm comes into view.
The endoplasm quivers.
The endoplasm freezes you.
You are frozen. 😕 HP[-5]
You take 5 damage, and now have 36/41 hp.
You hit the endoplasm.
The endoplasm hits you but does no damage.
You slash the endoplasm!
You kill the endoplasm!
Lugonu accepts your kill.
No target in view!
No target in view!
As you read the scroll of identify {@r1}, it crumbles to dust.
i - a scroll of amnesia An ogre comes into view.
It is wielding a +0 giant club. 😎 HP[+5]
Your hp is fully restored (41).
A kobold comes into view. It is wielding a +0 short sword.
The kobold shouts!
The ogre shouts!
The kobold throws a stone.
The stone barely misses you.
The kobold throws a stone.
The stone closely misses you.
Throw: 69 stones
Press: ? - help, Shift-Dir - straight line, f - ogre
Aim: an ogre, wielding a +0 giant club (73% to hit)
You throw a stone.
The stone hits the ogre but does no damage.
There are no items here.
Unknown command.
Throw: 11 boomerangs
Press: ? - help, Shift-Dir - straight line, f/p - ogre
Aim: an ogre, wielding a +0 giant club (73% to hit)
You throw a boomerang. The boomerang hits the ogre.
You hit the ogre.
The ogre hits you with a +0 giant club! 😮 HP[-17]
You take 17 damage, and now have 24/41 hp.
MASSIVE DAMAGE!! (PAUSE)
You completely miss the ogre. The ogre closely misses you.
You barely miss the ogre.
The ogre hits you with a +0 giant club!!
Ouch! That really hurt!
* * * LOW HITPOINT WARNING * * *
😱 HP[-22]
You take 22 damage, and now have 2/41 hp.
MASSIVE DAMAGE!! (PAUSE) 😱 HP[+1] 😱 HP[+1] 😱 HP[+1]
There is a stone staircase leading up here.
Space bends around you!
You blink.
The kobold hits you with a +0 short sword.
* * * LOW HITPOINT WARNING * * *
😱 HP[-3] MP[-1]
You take 3 damage, and now have 2/41 hp.
You lost 1 mp, and now have 5/6 mp.
The kobold throws a stone.
The stone hits you.
* * * LOW HITPOINT WARNING * * *
😱 HP[-1]
You take 1 damage, and now have 1/41 hp.
It was a potion of might.
You feel very mighty all of a sudden.
The kobold throws a stone.
The stone hits you but does no damage.
It was a potion of brilliance.
You feel clever all of a sudden. The ogre hits you with a +0 giant club!
You die...

Skill      XL: |  1  2  3  4 |
---------------+-------------+-----
Dodging        | 1 |  1.0
Axes           | 3 |  3.6
Invocations    | 3 |  3.6
Fighting       | 4 |  4.3
Armour         | 3 |  3.0

Action                   |  1- 3 |  4- 6 || total
-------------------------+-------+-------++-------
Melee: Hand axe          |    67 |    38 ||   105
Throw: Stone             |       |     1 ||     1
       Boomerang         |       |     1 ||     1
Invok: Bend Space        |       |     1 ||     1
  Use: Scroll            |     2 |     3 ||     5
       Potion            |       |     2 ||     2
Armor: Leather armour    |    15 |     7 ||    22
Dodge: Dodged            |    43 |    18 ||    61

Levels and vault maps discovered:
D:1:      minmay_arrival_wavy_path, layout_basic,
          shapermc_ecumenical_altar_totnotflames
D:2:      layout_basic
D:3:      layout_basic, mrwooster_statue_mirror

Notes
Turn   | Place    | Note
-------+----------+-------------------------------------------
     0 | Abyss:1  | spiderkeys the Hill Orc Abyssal Knight began the quest for
                  | the Orb.
     0 | Abyss:1  | Reached XP level 1. HP: 19/19 MP: 2/2
     0 | Abyss:1  | magus.rc [v1.9.10]
    32 | Abyss:1  | Found a corrupted altar of Lugonu.
    71 | Abyss:2  | You pick up a book of Party Tricks and begin reading...
    71 | Abyss:2  | You add the spells Apportation, Lesser Beckoning, Tukima's
                  | Dance, Alistair's Intoxication and Invisibility to your
                  | library.
   106 | Abyss:2  | You pick up a book of Ice and begin reading...
   106 | Abyss:2  | You add the spells Ice Form, Summon Ice Beast, Freezing
                  | Cloud, Simulacrum and Ozocubu's Refrigeration to your
                  | library.
   114 | Abyss:2  | Noticed a large abomination
   127 | D:1      | You pass through the gate.
   127 | D:1      | Escaped the Abyss
   178 | D:1      | You pick up a book of Misfortune and begin reading...
   178 | D:1      | You add the spells Confusing Touch, Gell's Gravitas,
                  | Petrify, Metabolic Englaciation and Yara's Violent
                  | Unravelling to your library.
   254 | D:1      | Reached skill level 1 in Dodging
   254 | D:1      | Reached XP level 2. HP: 20/27 MP: 3/3
   388 | D:1      | Reached skill level 3 in Axes
   662 | D:1      | Found a faded altar of an unknown god.
   697 | D:1      | Reached skill level 3 in Invocations
   758 | D:1      | Reached skill level 4 in Fighting
   831 | D:1      | Reached XP level 3. HP: 30/33 MP: 5/5
  1229 | D:2      | Reached ** piety under Lugonu
  1351 | D:2      | Reached XP level 4. HP: 25/40 MP: 6/6
  1670 | D:2      | You pick up a book of Geomancy and begin reading...
  1670 | D:2      | You add the spells Sandblast, Passwall, Stone Arrow and
                  | Lee's Rapid Deconstruction to your library.
  1737 | D:2      | You pick up a book of Flames and begin reading...
  1737 | D:2      | You add the spells Foxfire, Conjure Flame, Inner Flame,
                  | Sticky Flame and Fireball to your library.
  1822 | D:2      | Reached skill level 3 in Armour
  2590 | D:3      | Noticed an ogre
  2600 | D:3      | HP: 2/41 [ogre (22)]
  2622 | D:3      | HP: 2/41 [kobold (1)]
  2625 | D:3      | Mangled by an ogre

Vanquished Creatures
  An iguana (D:2)
  A worm (D:2)
  A dart slug (D:2)
  3 bats (D:2)
  6 endoplasms
  3 giant cockroaches (D:1)
  A goblin (D:2)
  5 hobgoblins
  3 quokkas (D:1)
  4 ball pythons
  3 frilled lizards
  6 kobolds
  7 rats
44 creatures vanquished.

Table legend:
 A = Non-vault XP
 B = Vault XP
 C = Vault XP percentage of total XP
 D = Non-vault monster count
 E = Vault monster count
 F = Vault count percentage of total count
                 A         B        C        D         E       F
            +---------+---------+-------+---------+---------+-------
      Total |     111 |       0 |   0.0 |      44 |       0 |   0.0
            +---------+---------+-------+---------+---------+-------
        D:1 |      42 |       0 |   0.0 |      26 |       0 |   0.0
        D:2 |      64 |       0 |   0.0 |      15 |       0 |   0.0
        D:3 |       5 |       0 |   0.0 |       3 |       0 |   0.0
            +---------+---------+-------+---------+---------+-------

Illustrated notes

Table legend:
 A = Kills in this place as a percentage of kills in entire the game.
 B = Kills by you in this place as a percentage of kills by you in the entire game.
 C = Kills by friends in this place as a percentage of kills by friends in the entire game.
 D = Other kills in this place as a percentage of other kills in the entire game.
 E = Experience gained in this place as a percentage of experience gained in the entire game.
 F = Experience gained in this place divided by the number of levels of this place that you have seen.
                   A       B       C       D       E      F
               +-------+-------+-------+-------+-------+----------------------
         Total | 100.0 | 100.0 |   N/A |   N/A | 100.0 |  22.2
       Dungeon | 100.0 | 100.0 |   N/A |   N/A | 100.0 |  37.0
               +-------+-------+-------+-------+-------+----------------------

Table legend: (Time is in decaauts)
 A = Elapsed time spent in this place.
 B = Non-inter-level travel time spent in this place.
 C = Inter-level travel time spent in this place.
 D = Time resting spent in this place.
 E = Time spent auto-exploring this place.
 F = Levels seen in this place.
 G = Mean time per level.
                   A        B        C        D        E       F      G
               +--------+--------+--------+--------+--------+-----+--------+
         Total |   2638 |   2572 |     66 |      0 |   2188 |   5 |  527.6 |
       Dungeon |   2511 |   2445 |     66 |      0 |   2138 |   3 |  837.0 |
         Abyss |    126 |    126 |      0 |      0 |     50 |   2 |   63.0 |
               +--------+--------+--------+--------+--------+-----+--------+

Top non-repeatable levels by time:
     D:2: 1261 daAuts
     D:1: 1089 daAuts
     D:3: 160 daAuts
 Abyss:2: 68 daAuts
 Abyss:1: 58 daAuts
